[ AOE2 MATCH · #478670426 ]
UnrankedKoreans vs Franks
[ REPLAY ANALYSIS · EXTRACTED FROM THE RECORDED GAME ]
Feudal
11:34
Castle
28:22
Imperial
—
| APM avg | 39.9 |
| APM peak | 77 |
| eAPM avg | 21.9 |
| Villagers / military | 66 / 18 |
Focus
⚔️ 20.5% · 🌾 79.5%
War Wagon ×11 · Spearman ×3 · Archer ×2 · Militia ×1 · Iron Pagoda ×1
Feudal
13:51
Castle
20:00
Imperial
—
| APM avg | 42.6 |
| APM peak | 72 |
| eAPM avg | 28.2 |
| Villagers / military | 93 / 26 |
Focus
⚔️ 38.0% · 🌾 62.0%
Fishing Ship ×17 · Knight ×15 · Spearman ×4 · Battering Ram ×3 · Scout Cavalry ×3 · Mangonel ×1
Feudal
12:21
Castle
26:01
Imperial
—
| APM avg | 42.9 |
| APM peak | 69 |
| eAPM avg | 20.7 |
| Villagers / military | 67 / 33 |
Focus
⚔️ 32.9% · 🌾 67.1%
Unknown (1952) ×41 · Scout Cavalry ×25 · Battering Ram ×4 · Unknown (1944) ×4 · Archer ×3 · Mangonel ×1
Feudal
13:01
Castle
17:48
Imperial
—
| APM avg | 42.2 |
| APM peak | 70 |
| eAPM avg | 17.9 |
| Villagers / military | 127 / 38 |
Focus
⚔️ 23.5% · 🌾 76.5%
Archer ×29 · Mangonel ×8 · Monk ×1
Feudal
13:56
Castle
22:47
Imperial
—
| APM avg | 48.9 |
| APM peak | 126 |
| eAPM avg | 25.1 |
| Villagers / military | 72 / 36 |
Focus
⚔️ 32.3% · 🌾 67.7%
Spearman ×14 · Archer ×9 · Skirmisher ×5 · Militia ×4 · Huskarl ×3 · Mangonel ×1
Feudal
12:37
Castle
16:08
Imperial
—
| APM avg | 38.2 |
| APM peak | 76 |
| eAPM avg | 23.5 |
| Villagers / military | 188 / 9 |
Focus
⚔️ 14.4% · 🌾 85.6%
Scorpion ×6 · Iron Pagoda ×3
Match map
Initial resources + every placement click. Lines = walls · curves = elevation contours. ◆ gold · ⬟ stone · ● berries · ✦ relic · ◌ wall gap
Your base· Open — 12t gap
我是你大飞哥's base· Open — unwalled flank
Slowthinker's base· Open — unwalled flank
Kyphosis's base· Open — unwalled flank
VL Mano's base· Open — unwalled flank
nalgene's base· Open — unwalled flank
Smoothed initial terrain · ◌ = detected wall gap · hover for details
Inputs per minute
— GorillaBear - - 我是你大飞哥
Build order — GorillaBear
First 150 of 185 actions detected
| 0:18 | Build | Town Center |
| 2:36 | Create | Villager (Male) |
| 2:37 | Create | Villager (Male) |
| 2:37 | Create | Villager (Male) |
| 2:37 | Create | Villager (Male) |
| 3:11 | Build | House |
| 3:33 | Create | Villager (Male) |
| 4:14 | Build | Lumber Camp |
| 4:23 | Create | Villager (Male) |
| 4:42 | Build | House |
| 4:55 | Create | Villager (Male) |
| 5:11 | Build | House |
| 5:17 | Create | Villager (Male) |
| 5:33 | Build | House |
| 5:41 | Create | Villager (Male) |
| 5:56 | Create | Villager (Male) |
| 5:56 | Create | Villager (Male) |
| 6:16 | Create | Villager (Male) |
| 6:32 | Create | Villager (Male) |
| 7:01 | Create | Villager (Male) |
| 7:17 | Create | Villager (Male) |
| 7:21 | Research | Loom |
| 8:36 | Build | Mining Camp |
| 9:24 | Research | Feudal Age |
| 10:52 | Build | House |
| 11:00 | Build | House |
| 11:12 | Create | Villager (Male) |
| 11:12 | Create | Villager (Male) |
| 11:34 | Age | Feudal Age |
| 12:05 | Build | Watch Tower |
| 12:10 | Create | Villager (Male) |
| 12:17 | Build | Watch Tower |
| 13:08 | Build | Mining Camp |
| 13:12 | Create | Villager (Male) |
| 13:13 | Create | Villager (Male) |
| 13:31 | Build | Palisade Wall |
| 13:33 | Build | Palisade Wall |
| 13:35 | Build | Palisade Wall |
| 13:36 | Build | Palisade Wall |
| 13:38 | Build | Palisade Wall |
| 13:40 | Build | Palisade Wall |
| 13:41 | Build | Palisade Wall |
| 13:42 | Build | Palisade Wall |
| 13:53 | Create | Villager (Male) |
| 14:01 | Build | Watch Tower |
| 14:11 | Create | Villager (Male) |
| 14:24 | Research | Double-Bit Axe |
| 14:53 | Create | Villager (Male) |
| 14:55 | Research | Stone Mining |
| 15:05 | Build | Watch Tower |
| 15:09 | Build | Palisade Wall |
| 15:11 | Build | Palisade Wall |
| 15:12 | Build | Palisade Wall |
| 15:13 | Build | Palisade Wall |
| 15:16 | Create | Villager (Male) |
| 15:24 | Build | House |
| 15:26 | Build | Palisade Wall |
| 15:31 | Create | Villager (Male) |
| 15:55 | Build | Blacksmith |
| 15:56 | Build | House |
| 16:10 | Create | Villager (Male) |
| 16:45 | Build | Mill |
| 16:49 | Create | Villager (Male) |
| 16:50 | Create | Villager (Male) |
| 17:02 | Build | Palisade Wall |
| 17:18 | Build | Barracks |
| 17:24 | Create | Villager (Male) |
| 18:01 | Build | Watch Tower |
| 18:19 | Research | Fletching |
| 18:21 | Create | Villager (Male) |
| 18:23 | Create | Spearman |
| 18:32 | Build | Mining Camp |
| 18:49 | Create | Villager (Male) |
| 18:49 | Create | Villager (Male) |
| 19:15 | Create | Spearman |
| 19:19 | Build | Farm |
| 19:21 | Build | Farm |
| 19:25 | Build | Farm |
| 19:28 | Build | Farm |
| 19:30 | Build | Farm |
| 19:32 | Build | Farm |
| 19:33 | Create | Villager (Male) |
| 20:12 | Build | Watch Tower |
| 20:14 | Create | Villager (Male) |
| 20:15 | Create | Villager (Male) |
| 20:26 | Create | Villager (Male) |
| 20:30 | Build | House |
| 20:41 | Build | House |
| 20:48 | Build | Watch Tower |
| 20:53 | Build | Palisade Wall |
| 21:20 | Build | Watch Tower |
| 21:33 | Create | Villager (Male) |
| 21:33 | Create | Villager (Male) |
| 21:43 | Build | Watch Tower |
| 22:06 | Create | Villager (Male) |
| 22:21 | Build | Watch Tower |
| 22:31 | Build | House |
| 22:35 | Build | Palisade Wall |
| 22:56 | Create | Villager (Male) |
| 22:56 | Create | Villager (Male) |
| 23:03 | Build | Mining Camp |
| 23:07 | Build | Watch Tower |
| 23:21 | Build | Market |
| 23:26 | Build | House |
| 24:01 | Create | Villager (Male) |
| 24:01 | Create | Villager (Male) |
| 24:33 | Build | Lumber Camp |
| 25:42 | Research | Castle Age |
| 25:48 | Build | Archery Range |
| 26:20 | Build | Stone Wall |
| 26:29 | Build | Stone Wall |
| 26:40 | Build | Stone Wall |
| 26:42 | Create | Villager (Male) |
| 26:56 | Build | Stone Wall |
| 27:00 | Create | Spearman |
| 27:05 | Create | Archer |
| 27:05 | Create | Archer |
| 28:22 | Age | Castle Age |
| 28:33 | Build | Castle |
| 28:44 | Build | Mill |
| 28:45 | Build | Farm |
| 28:45 | Build | Farm |
| 28:46 | Build | Farm |
| 28:46 | Build | Farm |
| 28:47 | Create | Villager (Male) |
| 28:47 | Create | Villager (Male) |
| 28:51 | Build | Town Center |
| 29:01 | Build | Gate |
| 29:11 | Build | Farm |
| 29:15 | Build | Farm |
| 29:17 | Create | Villager (Male) |
| 29:29 | Build | Farm |
| 29:32 | Build | Farm |
| 29:45 | Create | War Wagon |
| 29:45 | Create | War Wagon |
| 30:01 | Build | Siege Workshop |
| 30:04 | Build | Farm |
| 30:05 | Build | Farm |
| 30:11 | Create | Villager (Male) |
| 30:28 | Create | Villager (Male) |
| 30:32 | Build | Farm |
| 30:35 | Build | Mining Camp |
| 30:39 | Create | War Wagon |
| 30:49 | Build | Farm |
| 30:55 | Build | Farm |
| 30:59 | Create | Villager (Male) |
| 30:59 | Create | Villager (Male) |
| 31:11 | Create | Villager (Male) |
| 31:33 | Create | Militia |
| 31:34 | Create | War Wagon |
Build order — 我是你大飞哥
First 150 of 210 actions detected
| 0:39 | Build | Town Center |
| 0:49 | Build | Lumber Camp |
| 0:51 | Build | House |
| 2:40 | Create | Villager (Male) ×4 |
| 2:40 | Create | Villager (Male) ×4 |
| 3:46 | Build | House |
| 4:17 | Create | Villager (Male) |
| 4:17 | Create | Villager (Male) |
| 4:31 | Research | Loom |
| 4:37 | Create | Villager (Male) |
| 4:37 | Create | Villager (Male) |
| 4:46 | Create | Villager (Male) |
| 4:46 | Create | Villager (Male) |
| 4:49 | Build | Lumber Camp |
| 5:11 | Build | House |
| 5:27 | Create | Villager (Male) |
| 5:57 | Create | Villager (Male) |
| 5:58 | Create | Villager (Male) |
| 6:07 | Create | Villager (Male) |
| 6:07 | Create | Villager (Male) |
| 6:58 | Build | House |
| 7:06 | Create | Villager (Male) |
| 7:06 | Create | Villager (Male) |
| 7:39 | Create | Villager (Male) |
| 7:40 | Create | Villager (Male) |
| 7:40 | Create | Villager (Male) |
| 7:58 | Create | Villager (Male) |
| 8:40 | Build | Dock |
| 8:43 | Create | Villager (Male) |
| 8:44 | Create | Villager (Male) |
| 9:03 | Build | House |
| 9:05 | Create | Fishing Ship |
| 9:05 | Create | Fishing Ship |
| 9:19 | Build | Mill |
| 9:49 | Create | Fishing Ship |
| 10:10 | Create | Villager (Male) |
| 10:29 | Create | Villager (Male) |
| 10:36 | Create | Fishing Ship |
| 10:51 | Build | House |
| 10:57 | Create | Villager (Male) |
| 11:18 | Create | Fishing Ship |
| 11:41 | Research | Feudal Age |
| 11:41 | Research | Feudal Age |
| 12:11 | Build | Barracks |
| 12:35 | Create | Fishing Ship |
| 12:56 | Build | House |
| 13:09 | Create | Fishing Ship |
| 13:51 | Age | Feudal Age |
| 13:56 | Create | Villager (Male) |
| 13:56 | Create | Villager (Male) |
| 14:12 | Build | Stable |
| 14:15 | Create | Villager (Male) |
| 14:59 | Create | Scout Cavalry |
| 14:59 | Create | Scout Cavalry |
| 15:08 | Build | Lumber Camp |
| 15:14 | Create | Villager (Male) |
| 15:19 | Build | Blacksmith |
| 15:32 | Build | Blacksmith |
| 15:36 | Create | Scout Cavalry |
| 15:41 | Create | Villager (Male) |
| 15:45 | Build | House |
| 15:53 | Build | House |
| 17:20 | Research | Castle Age |
| 17:27 | Build | Watch Tower |
| 17:46 | Build | House |
| 17:51 | Create | Villager (Male) |
| 18:04 | Build | Fish Trap |
| 18:27 | Build | Fish Trap |
| 18:36 | Create | Spearman |
| 18:37 | Create | Spearman |
| 18:50 | Build | Palisade Wall |
| 18:52 | Build | Palisade Wall |
| 18:58 | Build | Palisade Wall |
| 19:02 | Build | Palisade Wall |
| 19:03 | Build | Palisade Wall |
| 19:13 | Create | Villager (Male) |
| 19:21 | Build | Mining Camp |
| 19:25 | Create | Spearman |
| 19:26 | Create | Spearman |
| 19:46 | Build | Fish Trap |
| 19:49 | Build | Fish Trap |
| 19:51 | Build | Fish Trap |
| 19:53 | Build | Fish Trap |
| 19:55 | Research | Tech 906 |
| 20:00 | Age | Castle Age |
| 20:17 | Create | Knight |
| 20:44 | Create | Villager (Male) |
| 21:03 | Create | Villager (Male) |
| 21:07 | Build | Town Center |
| 21:48 | Create | Villager (Male) |
| 21:48 | Create | Villager (Male) |
| 21:49 | Create | Villager (Male) |
| 22:07 | Create | Knight |
| 22:07 | Create | Knight |
| 22:19 | Create | Villager (Male) |
| 22:32 | Create | Knight |
| 22:32 | Create | Knight |
| 22:43 | Create | Villager (Male) |
| 23:06 | Build | Siege Workshop |
| 23:17 | Create | Fishing Ship |
| 23:34 | Create | Villager (Male) |
| 23:40 | Create | Battering Ram |
| 23:40 | Create | Battering Ram |
| 23:45 | Create | Villager (Male) |
| 23:50 | Create | Villager (Male) |
| 24:11 | Build | Fish Trap |
| 24:12 | Build | House |
| 24:13 | Build | House |
| 24:17 | Create | Knight |
| 24:17 | Create | Knight |
| 24:42 | Create | Battering Ram |
| 24:44 | Create | Villager (Male) |
| 24:56 | Create | Knight |
| 24:57 | Create | Knight |
| 25:20 | Create | Villager (Male) |
| 25:29 | Build | Town Center |
| 25:53 | Create | Fishing Ship |
| 25:54 | Create | Fishing Ship |
| 25:57 | Create | Villager (Male) |
| 25:58 | Create | Villager (Male) |
| 25:58 | Create | Villager (Male) |
| 26:39 | Create | Knight |
| 27:02 | Build | Fish Trap |
| 27:04 | Create | Villager (Male) |
| 27:04 | Create | Villager (Male) |
| 27:06 | Create | Villager (Male) |
| 27:07 | Build | House |
| 27:08 | Build | House |
| 27:09 | Build | House |
| 27:13 | Create | Villager (Male) |
| 27:13 | Create | Villager (Male) |
| 27:21 | Build | Castle |
| 27:36 | Create | Villager (Male) |
| 27:38 | Build | Fish Trap |
| 28:06 | Create | Villager (Male) |
| 28:07 | Research | Wheelbarrow |
| 28:08 | Create | Villager (Male) |
| 28:09 | Create | Villager (Male) |
| 28:11 | Create | Fishing Ship |
| 29:12 | Create | Villager (Male) |
| 29:16 | Build | Mining Camp |
| 29:17 | Create | Villager (Male) |
| 29:18 | Create | Villager (Male) |
| 29:18 | Create | Villager (Male) |
| 29:19 | Create | Villager (Male) |
| 29:24 | Create | Mangonel |
| 29:38 | Create | Villager (Male) |
| 29:42 | Build | Dock |
| 29:58 | Create | Villager (Male) |
| 29:59 | Create | Villager (Male) |
Build order — Slowthinker
First 150 of 227 actions detected
| 0:57 | Build | Town Center |
| 1:33 | Build | House |
| 3:04 | Create | Villager (Male) |
| 3:04 | Create | Villager (Male) |
| 3:04 | Create | Villager (Male) |
| 3:05 | Create | Villager (Male) |
| 4:00 | Build | House |
| 4:40 | Create | Villager (Male) |
| 4:51 | Create | Villager (Male) |
| 5:02 | Create | Villager (Male) |
| 5:48 | Create | Villager (Male) |
| 6:08 | Create | Villager (Male) |
| 6:19 | Build | Lumber Camp |
| 6:48 | Create | Villager (Male) |
| 6:49 | Create | Villager (Male) |
| 6:59 | Build | House |
| 7:04 | Create | Villager (Male) |
| 7:34 | Create | Villager (Male) |
| 8:13 | Create | Villager (Male) |
| 8:31 | Create | Villager (Male) |
| 8:48 | Create | Villager (Male) |
| 9:41 | Build | Mill |
| 9:45 | Research | Loom |
| 10:11 | Research | Feudal Age |
| 11:01 | Build | Barracks |
| 11:22 | Build | House |
| 12:21 | Age | Feudal Age |
| 12:22 | Build | Stable |
| 12:24 | Create | Villager (Male) |
| 12:29 | Research | Double-Bit Axe |
| 12:30 | Research | Double-Bit Axe |
| 12:45 | Create | Villager (Male) |
| 13:03 | Create | Scout Cavalry |
| 13:09 | Create | Villager (Male) |
| 13:11 | Build | House |
| 13:20 | Create | Scout Cavalry |
| 13:38 | Build | Stable |
| 13:41 | Create | Villager (Male) |
| 13:47 | Create | Villager (Male) |
| 13:59 | Create | Scout Cavalry |
| 14:02 | Create | Villager (Male) |
| 14:04 | Build | Farm |
| 14:21 | Create | Scout Cavalry |
| 14:21 | Create | Scout Cavalry |
| 14:26 | Build | House |
| 14:28 | Research | Horse Collar |
| 14:36 | Build | Farm |
| 14:46 | Create | Scout Cavalry |
| 14:46 | Create | Scout Cavalry |
| 14:52 | Build | House |
| 14:58 | Create | Villager (Male) |
| 14:58 | Create | Villager (Male) |
| 15:01 | Build | Farm |
| 15:04 | Build | Farm |
| 15:24 | Create | Villager (Male) |
| 15:29 | Create | Scout Cavalry |
| 15:29 | Create | Scout Cavalry |
| 15:42 | Build | Blacksmith |
| 15:44 | Build | House |
| 15:51 | Create | Scout Cavalry |
| 16:06 | Create | Villager (Male) |
| 16:32 | Build | Mill |
| 16:35 | Create | Villager (Male) |
| 16:47 | Build | House |
| 16:51 | Build | Palisade Wall |
| 16:55 | Build | Farm |
| 16:56 | Build | Farm |
| 16:59 | Create | Villager (Male) |
| 17:24 | Create | Villager (Male) |
| 17:26 | Build | Archery Range |
| 17:35 | Create | Villager (Male) |
| 17:41 | Build | Mining Camp |
| 17:44 | Create | Scout Cavalry |
| 17:45 | Create | Scout Cavalry |
| 17:56 | Research | Scale Barding Armor |
| 17:57 | Research | Scale Barding Armor |
| 18:11 | Create | Villager (Male) |
| 18:16 | Build | Farm |
| 18:17 | Build | Farm |
| 18:18 | Build | Farm |
| 18:43 | Create | Villager (Male) |
| 18:46 | Create | Archer |
| 18:46 | Create | Archer |
| 19:05 | Create | Villager (Male) |
| 19:15 | Create | Villager (Male) |
| 19:30 | Create | Villager (Male) |
| 19:34 | Build | House |
| 19:36 | Build | House |
| 19:41 | Build | House |
| 19:45 | Build | Palisade Wall |
| 19:47 | Create | Archer |
| 19:49 | Create | Scout Cavalry |
| 19:50 | Create | Scout Cavalry |
| 20:15 | Create | Villager (Male) |
| 20:21 | Build | Archery Range |
| 20:32 | Create | Villager (Male) |
| 20:47 | Create | Villager (Male) |
| 21:04 | Build | Market |
| 21:08 | Research | Wheelbarrow |
| 21:16 | Research | Forging |
| 21:23 | Build | Farm |
| 21:24 | Build | Farm |
| 21:41 | Research | Bloodlines |
| 21:41 | Research | Bloodlines |
| 21:48 | Create | Villager (Male) |
| 22:10 | Build | House |
| 22:26 | Build | Mining Camp |
| 22:43 | Build | House |
| 23:17 | Research | Castle Age |
| 23:30 | Build | Archery Range |
| 23:33 | Research | Fletching |
| 24:02 | Research | Padded Archer Armor |
| 24:33 | Build | Archery Range |
| 25:16 | Create | Villager (Male) |
| 25:17 | Create | Scout Cavalry |
| 25:17 | Create | Scout Cavalry |
| 25:17 | Create | Scout Cavalry |
| 25:38 | Build | House |
| 25:39 | Build | House |
| 25:41 | Build | House |
| 25:42 | Build | House |
| 25:53 | Create | Scout Cavalry |
| 25:54 | Create | Scout Cavalry |
| 26:01 | Age | Castle Age |
| 26:06 | Create | Unit 1952 |
| 26:06 | Create | Unit 1952 |
| 26:06 | Create | Unit 1952 |
| 26:07 | Create | Unit 1952 |
| 26:07 | Create | Unit 1952 |
| 26:10 | Research | Bodkin Arrow |
| 26:25 | Research | Bow Saw |
| 26:43 | Build | Castle |
| 27:10 | Create | Villager (Male) |
| 27:10 | Create | Villager (Male) |
| 27:18 | Create | Villager (Male) |
| 27:18 | Create | Villager (Male) |
| 27:19 | Create | Scout Cavalry |
| 27:19 | Create | Scout Cavalry |
| 27:21 | Create | Unit 1952 |
| 27:21 | Create | Unit 1952 |
| 27:21 | Create | Unit 1952 |
| 27:22 | Create | Unit 1952 |
| 27:22 | Create | Unit 1952 |
| 27:22 | Create | Unit 1952 |
| 27:22 | Create | Unit 1952 |
| 27:23 | Create | Unit 1952 |
| 27:23 | Create | Unit 1952 |
| 27:23 | Create | Unit 1952 |
| 27:23 | Create | Unit 1952 |
| 27:35 | Create | Villager (Male) |
Build order — Kyphosis
First 150 of 296 actions detected
| 0:59 | Build | Town Center |
| 2:31 | Build | House |
| 3:14 | Build | House |
| 3:21 | Create | Villager (Male) |
| 3:21 | Create | Villager (Male) |
| 3:21 | Create | Villager (Male) |
| 3:22 | Create | Villager (Male) |
| 3:30 | Build | House |
| 3:40 | Build | House |
| 4:57 | Create | Villager (Male) |
| 4:58 | Create | Villager (Male) |
| 5:06 | Build | Lumber Camp |
| 5:26 | Create | Villager (Male) |
| 5:26 | Create | Villager (Male) |
| 5:27 | Create | Villager (Male) |
| 5:27 | Create | Villager (Male) |
| 5:38 | Build | House |
| 6:12 | Create | Villager (Male) |
| 6:12 | Create | Villager (Male) |
| 6:12 | Create | Villager (Male) |
| 6:37 | Create | Villager (Male) |
| 7:03 | Create | Villager (Male) |
| 7:03 | Create | Villager (Male) |
| 7:08 | Build | House |
| 7:14 | Create | Villager (Male) |
| 7:26 | Create | Villager (Male) |
| 8:10 | Create | Villager (Male) |
| 8:20 | Build | House |
| 8:28 | Create | Villager (Male) |
| 8:28 | Create | Villager (Male) |
| 9:04 | Create | Villager (Male) |
| 9:29 | Build | House |
| 10:00 | Build | Mining Camp |
| 10:08 | Create | Villager (Male) |
| 10:44 | Research | Feudal Age |
| 12:08 | Build | Barracks |
| 12:26 | Create | Villager (Male) |
| 12:26 | Create | Villager (Male) |
| 13:01 | Age | Feudal Age |
| 13:13 | Build | Archery Range |
| 13:35 | Research | Loom |
| 13:38 | Create | Villager (Male) |
| 13:38 | Research | Loom |
| 14:05 | Build | Blacksmith |
| 15:08 | Research | Castle Age |
| 15:08 | Research | Castle Age |
| 15:18 | Build | Archery Range |
| 15:23 | Build | Palisade Wall |
| 15:25 | Build | House |
| 15:26 | Build | House |
| 15:27 | Create | Archer |
| 15:27 | Create | Archer |
| 15:50 | Research | Double-Bit Axe |
| 16:15 | Research | Gold Mining |
| 16:17 | Create | Archer |
| 16:32 | Build | House |
| 16:35 | Create | Villager (Male) |
| 16:56 | Create | Archer |
| 16:58 | Build | House |
| 17:00 | Create | Villager (Male) |
| 17:13 | Build | House |
| 17:14 | Build | House |
| 17:15 | Build | House |
| 17:16 | Create | Archer |
| 17:16 | Create | Archer |
| 17:17 | Create | Archer |
| 17:28 | Research | Town Watch |
| 17:48 | Age | Castle Age |
| 17:55 | Build | Town Center |
| 18:05 | Create | Villager (Male) |
| 18:07 | Create | Archer |
| 18:08 | Create | Archer |
| 18:08 | Create | Archer |
| 18:26 | Create | Archer |
| 18:26 | Create | Archer |
| 18:27 | Create | Villager (Male) |
| 19:05 | Create | Villager (Male) |
| 19:05 | Create | Villager (Male) |
| 19:06 | Create | Archer |
| 19:06 | Create | Archer |
| 19:07 | Create | Archer |
| 19:07 | Create | Archer |
| 19:50 | Create | Villager (Male) |
| 19:51 | Create | Villager (Male) |
| 19:59 | Create | Archer |
| 19:59 | Create | Archer |
| 19:59 | Create | Archer |
| 20:00 | Create | Villager (Male) |
| 20:11 | Create | Archer |
| 20:11 | Create | Archer |
| 20:25 | Research | Fletching |
| 20:38 | Research | Crossbowman (upgrade) |
| 20:42 | Create | Archer |
| 20:43 | Create | Villager (Male) |
| 20:43 | Create | Villager (Male) |
| 20:52 | Create | Villager (Male) |
| 20:58 | Build | Mill |
| 21:04 | Create | Archer |
| 21:05 | Create | Archer |
| 21:10 | Create | Villager (Male) |
| 21:19 | Create | Villager (Male) |
| 21:26 | Create | Archer |
| 21:26 | Create | Archer |
| 21:33 | Create | Villager (Male) |
| 22:09 | Build | Market |
| 22:29 | Create | Villager (Male) |
| 22:31 | Create | Villager (Male) |
| 22:41 | Create | Villager (Male) |
| 22:41 | Create | Villager (Male) |
| 22:43 | Build | House |
| 22:48 | Create | Archer |
| 22:48 | Create | Archer |
| 22:48 | Create | Archer |
| 23:07 | Build | House |
| 23:09 | Build | House |
| 23:16 | Research | Bodkin Arrow |
| 23:16 | Research | Bodkin Arrow |
| 23:18 | Build | Farm |
| 23:19 | Build | Farm |
| 23:31 | Create | Villager (Male) |
| 23:49 | Create | Villager (Male) |
| 23:57 | Build | Siege Workshop |
| 23:59 | Create | Villager (Male) |
| 23:59 | Create | Villager (Male) |
| 24:07 | Build | Farm |
| 24:08 | Create | Villager (Male) |
| 24:08 | Create | Villager (Male) |
| 24:18 | Build | Farm |
| 24:25 | Build | Outpost |
| 24:25 | Create | Villager (Male) |
| 24:26 | Create | Villager (Male) |
| 24:42 | Create | Villager (Male) |
| 24:51 | Create | Villager (Male) |
| 24:55 | Build | Farm |
| 25:06 | Create | Villager (Male) |
| 25:06 | Create | Villager (Male) |
| 25:08 | Build | Farm |
| 25:16 | Build | House |
| 25:24 | Create | Villager (Male) |
| 25:35 | Create | Mangonel |
| 25:35 | Create | Mangonel |
| 25:40 | Build | House |
| 25:50 | Create | Villager (Male) |
| 25:54 | Build | Farm |
| 25:57 | Create | Villager (Male) |
| 26:08 | Build | House |
| 26:12 | Create | Villager (Male) |
| 26:12 | Create | Villager (Male) |
| 26:12 | Create | Villager (Male) |
| 26:27 | Create | Mangonel |
Build order — VL Mano
First 150 of 193 actions detected
| 0:51 | Build | Town Center |
| 2:33 | Build | House |
| 3:19 | Create | Villager (Male) |
| 3:19 | Create | Villager (Male) |
| 3:20 | Create | Villager (Male) |
| 3:20 | Create | Villager (Male) |
| 3:20 | Create | Villager (Male) |
| 4:04 | Create | Villager (Male) |
| 4:53 | Create | Villager (Male) |
| 4:53 | Create | Villager (Male) |
| 5:14 | Create | Villager (Male) |
| 5:14 | Create | Villager (Male) |
| 5:29 | Create | Villager (Male) |
| 5:44 | Build | Lumber Camp |
| 5:57 | Build | House |
| 6:12 | Create | Villager (Male) |
| 6:12 | Create | Villager (Male) |
| 6:17 | Research | Loom |
| 6:19 | Create | Villager (Male) |
| 6:19 | Create | Villager (Male) |
| 6:19 | Create | Villager (Male) |
| 6:46 | Create | Villager (Male) |
| 6:47 | Create | Villager (Male) |
| 7:14 | Build | House |
| 7:17 | Create | Villager (Male) |
| 7:18 | Create | Villager (Male) |
| 7:43 | Create | Villager (Male) |
| 7:43 | Create | Villager (Male) |
| 7:43 | Create | Villager (Male) |
| 8:22 | Create | Villager (Male) |
| 8:22 | Create | Villager (Male) |
| 9:01 | Create | Villager (Male) |
| 9:01 | Create | Villager (Male) |
| 9:05 | Build | Mill |
| 9:36 | Build | House |
| 9:50 | Create | Villager (Male) |
| 9:50 | Create | Villager (Male) |
| 10:31 | Create | Villager (Male) |
| 10:31 | Create | Villager (Male) |
| 10:36 | Build | Barracks |
| 10:46 | Build | Palisade Gate |
| 11:25 | Research | Feudal Age |
| 11:35 | Build | Mining Camp |
| 11:44 | Build | House |
| 12:00 | Create | Militia |
| 12:08 | Create | Militia |
| 12:18 | Build | House |
| 12:34 | Create | Militia |
| 13:12 | Create | Villager (Male) |
| 13:24 | Create | Villager (Male) |
| 13:55 | Create | Villager (Male) |
| 13:56 | Age | Feudal Age |
| 14:00 | Build | Archery Range |
| 14:08 | Create | Spearman |
| 14:08 | Create | Spearman |
| 14:09 | Create | Spearman |
| 14:19 | Create | Villager (Male) |
| 14:21 | Research | Double-Bit Axe |
| 14:21 | Research | Double-Bit Axe |
| 15:08 | Create | Villager (Male) |
| 15:19 | Build | House |
| 15:22 | Build | Palisade Wall |
| 15:23 | Build | Palisade Wall |
| 15:25 | Build | Palisade Wall |
| 15:27 | Build | Palisade Wall |
| 15:28 | Build | Palisade Wall |
| 15:29 | Build | Palisade Wall |
| 15:31 | Build | Palisade Wall |
| 15:32 | Build | Palisade Wall |
| 15:34 | Build | Palisade Wall |
| 15:35 | Build | Palisade Wall |
| 15:38 | Build | Palisade Wall |
| 15:42 | Create | Spearman |
| 15:47 | Create | Militia |
| 16:00 | Create | Villager (Male) |
| 16:12 | Build | Palisade Wall |
| 16:33 | Build | Palisade Wall |
| 16:39 | Create | Villager (Male) |
| 16:44 | Create | Villager (Male) |
| 16:48 | Build | Farm |
| 16:49 | Build | Farm |
| 16:49 | Create | Villager (Male) |
| 16:58 | Build | Palisade Wall |
| 17:01 | Build | Palisade Wall |
| 17:15 | Build | Farm |
| 17:16 | Create | Villager (Male) |
| 17:19 | Create | Archer |
| 17:50 | Build | Palisade Wall |
| 18:10 | Build | Market |
| 18:14 | Create | Villager (Male) |
| 18:15 | Create | Spearman |
| 18:15 | Create | Spearman |
| 18:20 | Build | Market |
| 18:22 | Build | Palisade Wall |
| 18:31 | Create | Villager (Male) |
| 18:35 | Create | Villager (Male) |
| 19:05 | Create | Villager (Male) |
| 19:25 | Build | House |
| 19:46 | Build | House |
| 19:48 | Build | House |
| 20:02 | Research | Castle Age |
| 20:24 | Create | Villager (Male) |
| 20:26 | Create | Skirmisher |
| 20:27 | Create | Skirmisher |
| 20:58 | Create | Villager (Male) |
| 21:00 | Create | Skirmisher |
| 21:05 | Build | Blacksmith |
| 21:16 | Build | Mining Camp |
| 21:33 | Create | Villager (Male) |
| 21:37 | Build | House |
| 21:52 | Create | Villager (Male) |
| 22:47 | Build | House |
| 22:47 | Age | Castle Age |
| 22:52 | Research | Elite Skirmisher (upgrade) |
| 22:53 | Create | Skirmisher |
| 22:54 | Research | Fletching |
| 22:57 | Create | Villager (Male) |
| 22:57 | Create | Villager (Male) |
| 23:18 | Build | Farm |
| 23:43 | Build | Farm |
| 23:45 | Create | Archer |
| 23:45 | Create | Archer |
| 24:00 | Create | Spearman |
| 24:00 | Create | Spearman |
| 24:03 | Build | Farm |
| 24:05 | Build | Farm |
| 24:09 | Build | House |
| 24:19 | Create | Archer |
| 24:20 | Create | Spearman |
| 25:10 | Create | Skirmisher |
| 25:15 | Create | Spearman |
| 25:15 | Create | Spearman |
| 25:32 | Research | Scale Mail Armor |
| 25:36 | Create | Archer |
| 25:36 | Create | Archer |
| 25:36 | Create | Archer |
| 25:59 | Research | Pikeman (upgrade) |
| 26:05 | Create | Spearman |
| 26:05 | Create | Spearman |
| 26:29 | Create | Archer |
| 26:29 | Create | Archer |
| 26:41 | Build | Castle |
| 26:49 | Build | House |
| 27:05 | Build | House |
| 27:07 | Build | House |
| 27:16 | Build | Palisade Wall |
| 27:17 | Build | Palisade Wall |
| 28:31 | Build | Town Center |
| 28:36 | Build | House |
| 28:54 | Build | Siege Workshop |
Build order — nalgene
First 150 of 352 actions detected
| 0:14 | Build | Town Center |
| 2:28 | Research | Loom |
| 2:29 | Research | Loom |
| 2:57 | Create | Villager (Male) |
| 3:16 | Create | Villager (Male) |
| 3:40 | Create | Villager (Male) |
| 4:06 | Create | Villager (Male) |
| 4:08 | Create | Villager (Male) |
| 4:26 | Create | Villager (Male) |
| 5:01 | Create | Villager (Male) |
| 5:09 | Build | Lumber Camp |
| 5:46 | Create | Villager (Male) |
| 5:46 | Create | Villager (Male) |
| 5:50 | Build | House |
| 5:51 | Create | Villager (Male) |
| 6:27 | Create | Villager (Male) |
| 6:30 | Create | Villager (Male) |
| 6:32 | Create | Villager (Male) |
| 6:50 | Create | Villager (Male) |
| 7:15 | Build | House |
| 7:36 | Build | Mill |
| 8:03 | Create | Villager (Male) |
| 8:22 | Create | Villager (Male) |
| 8:37 | Create | Villager (Male) |
| 8:57 | Create | Villager (Male) |
| 9:05 | Build | House |
| 9:07 | Create | Villager (Male) |
| 9:25 | Create | Villager (Male) |
| 9:39 | Create | Villager (Male) |
| 10:25 | Research | Feudal Age |
| 10:25 | Research | Feudal Age |
| 10:52 | Create | Villager (Male) |
| 10:52 | Create | Villager (Male) |
| 10:59 | Build | Palisade Wall |
| 12:37 | Age | Feudal Age |
| 12:39 | Build | Market |
| 12:43 | Build | Blacksmith |
| 13:28 | Research | Castle Age |
| 13:28 | Research | Castle Age |
| 13:48 | Research | Double-Bit Axe |
| 14:14 | Build | Palisade Gate |
| 14:22 | Build | Palisade Wall |
| 14:26 | Build | Palisade Wall |
| 15:19 | Build | House |
| 15:22 | Create | Villager (Male) |
| 16:08 | Age | Castle Age |
| 16:11 | Build | Town Center |
| 16:17 | Build | Town Center |
| 16:20 | Create | Villager (Male) |
| 16:21 | Research | Bow Saw |
| 16:27 | Research | Horse Collar |
| 16:39 | Create | Villager (Male) |
| 17:02 | Create | Villager (Male) |
| 17:32 | Create | Villager (Male) |
| 17:46 | Create | Villager (Male) |
| 17:48 | Create | Villager (Male) |
| 18:01 | Research | Heavy Plow |
| 18:02 | Create | Villager (Male) |
| 18:03 | Create | Villager (Male) |
| 18:04 | Create | Villager (Male) |
| 18:10 | Build | Farm |
| 18:18 | Create | Villager (Male) |
| 18:31 | Create | Villager (Male) |
| 18:38 | Build | Farm |
| 18:39 | Create | Villager (Male) |
| 18:41 | Build | Farm |
| 18:45 | Build | Farm |
| 18:48 | Build | Farm |
| 18:48 | Create | Villager (Male) |
| 18:55 | Create | Villager (Male) |
| 19:01 | Create | Villager (Male) |
| 19:11 | Build | Farm |
| 19:12 | Build | Farm |
| 19:14 | Build | Farm |
| 19:15 | Build | Farm |
| 19:16 | Create | Villager (Male) |
| 19:18 | Create | Villager (Male) |
| 19:25 | Create | Villager (Male) |
| 19:29 | Create | Villager (Male) |
| 19:46 | Create | Villager (Male) |
| 19:52 | Create | Villager (Male) |
| 19:55 | Create | Villager (Male) |
| 20:00 | Build | Siege Workshop |
| 20:01 | Create | Villager (Male) |
| 20:02 | Create | Villager (Male) |
| 20:07 | Create | Villager (Male) |
| 20:10 | Create | Villager (Male) |
| 20:18 | Build | Farm |
| 20:21 | Build | Farm |
| 20:21 | Create | Villager (Male) |
| 20:25 | Create | Villager (Male) |
| 20:32 | Create | Villager (Male) |
| 20:35 | Build | Farm |
| 20:36 | Create | Villager (Male) |
| 20:38 | Create | Villager (Male) |
| 20:44 | Create | Villager (Male) |
| 20:48 | Create | Villager (Male) |
| 20:51 | Build | House |
| 20:52 | Build | House |
| 20:53 | Create | Villager (Male) |
| 20:57 | Create | Scorpion |
| 20:58 | Create | Scorpion |
| 21:00 | Build | Farm |
| 21:09 | Create | Villager (Male) |
| 21:16 | Create | Villager (Male) |
| 21:35 | Create | Villager (Male) |
| 21:39 | Build | Lumber Camp |
| 21:39 | Create | Villager (Male) |
| 21:41 | Create | Scorpion |
| 21:42 | Create | Villager (Male) |
| 21:49 | Build | House |
| 21:49 | Create | Villager (Male) |
| 21:56 | Build | House |
| 22:00 | Create | Villager (Male) |
| 22:04 | Create | Scorpion |
| 22:07 | Create | Villager (Male) |
| 22:11 | Create | Villager (Male) |
| 22:20 | Create | Villager (Male) |
| 22:26 | Create | Villager (Male) |
| 22:31 | Build | University |
| 22:31 | Create | Villager (Male) |
| 22:43 | Create | Villager (Male) |
| 22:52 | Build | Farm |
| 23:13 | Build | Town Center |
| 23:13 | Create | Villager (Male) |
| 23:16 | Create | Villager (Male) |
| 23:18 | Create | Villager (Male) |
| 23:18 | Create | Villager (Male) |
| 23:29 | Build | Town Center |
| 23:29 | Create | Villager (Male) |
| 23:33 | Build | Mining Camp |
| 23:34 | Create | Villager (Male) |
| 23:51 | Create | Villager (Male) |
| 24:00 | Build | Mining Camp |
| 24:00 | Create | Villager (Male) |
| 24:06 | Build | Farm |
| 24:07 | Build | Farm |
| 24:08 | Create | Villager (Male) |
| 24:09 | Build | Farm |
| 24:10 | Build | Farm |
| 24:10 | Build | Farm |
| 24:10 | Build | Farm |
| 24:10 | Build | Farm |
| 24:10 | Build | Farm |
| 24:11 | Build | Farm |
| 24:16 | Build | Farm |
| 24:17 | Create | Villager (Male) |
| 24:20 | Create | Villager (Male) |
| 24:25 | Create | Scorpion |
| 24:25 | Create | Scorpion |
Match timeline
| 8:40 | 我是你大飞哥 · first_building Dock |
| 10:36 | VL Mano · first_building Barracks |
| 10:59 | nalgene · wall_segment Palisade Wall x1 |
| 11:01 | Slowthinker · first_building Barracks |
| 11:34 | GorillaBear · age_up feudal |
| 12:08 | Kyphosis · first_building Barracks |
| 12:11 | 我是你大飞哥 · first_building Barracks |
| 12:21 | Slowthinker · age_up feudal |
| 12:22 | Slowthinker · first_building Stable |
| 12:37 | nalgene · age_up feudal |
| 13:01 | Kyphosis · age_up feudal |
| 13:13 | Kyphosis · first_building Archery Range |
| 13:31 | GorillaBear · wall_segment Palisade Wall x1 |
| 13:33 | GorillaBear · wall_segment Palisade Wall x1 |
| 13:35 | GorillaBear · wall_segment Palisade Wall x1 |
| 13:36 | GorillaBear · wall_segment Palisade Wall x1 |
| 13:38 | GorillaBear · wall_segment Palisade Wall x1 |
| 13:40 | GorillaBear · wall_segment Palisade Wall x1 |
| 13:41 | GorillaBear · wall_segment Palisade Wall x1 |
| 13:42 | GorillaBear · wall_segment Palisade Wall x1 |
| 13:51 | 我是你大飞哥 · age_up feudal |
| 13:56 | VL Mano · age_up feudal |
| 14:00 | VL Mano · first_building Archery Range |
| 14:12 | 我是你大飞哥 · first_building Stable |
| 14:22 | nalgene · wall_segment Palisade Wall x1 |
| 14:26 | nalgene · wall_segment Palisade Wall x1 |
| 15:09 | GorillaBear · wall_segment Palisade Wall x1 |
| 15:11 | GorillaBear · wall_segment Palisade Wall x1 |
| 15:12 | GorillaBear · wall_segment Palisade Wall x1 |
| 15:13 | GorillaBear · wall_segment Palisade Wall x1 |
| 15:22 | VL Mano · wall_segment Palisade Wall x1 |
| 15:23 | Kyphosis · wall_segment Palisade Wall x1 |
| 15:23 | VL Mano · wall_segment Palisade Wall x1 |
| 15:25 | VL Mano · wall_segment Palisade Wall x1 |
| 15:26 | GorillaBear · wall_segment Palisade Wall x2 |
| 15:27 | VL Mano · wall_segment Palisade Wall x1 |
| 15:28 | VL Mano · wall_segment Palisade Wall x1 |
| 15:29 | VL Mano · wall_segment Palisade Wall x1 |
| 15:31 | VL Mano · wall_segment Palisade Wall x1 |
| 15:32 | VL Mano · wall_segment Palisade Wall x1 |
| 15:34 | VL Mano · wall_segment Palisade Wall x1 |
| 15:35 | VL Mano · wall_segment Palisade Wall x1 |
| 15:38 | VL Mano · wall_segment Palisade Wall x1 |
| 16:08 | nalgene · age_up castle |
| 16:12 | VL Mano · wall_segment Palisade Wall x1 |
| 16:33 | VL Mano · wall_segment Palisade Wall x1 |
| 16:51 | Slowthinker · wall_segment Palisade Wall x7 |
| 16:58 | VL Mano · wall_segment Palisade Wall x3 |
| 17:01 | VL Mano · wall_segment Palisade Wall x2 |
| 17:02 | GorillaBear · wall_segment Palisade Wall x1 |
| 17:18 | GorillaBear · first_building Barracks |
| 17:26 | Slowthinker · first_building Archery Range |
| 17:36 | nalgene · first_market_buy 100 stone |
| 17:48 | Kyphosis · age_up castle |
| 17:50 | VL Mano · wall_segment Palisade Wall x1 |
| 18:22 | VL Mano · wall_segment Palisade Wall x2 |
| 18:50 | 我是你大飞哥 · wall_segment Palisade Wall x1 |
| 18:52 | 我是你大飞哥 · wall_segment Palisade Wall x1 |
| 18:58 | 我是你大飞哥 · wall_segment Palisade Wall x1 |
| 19:02 | 我是你大飞哥 · wall_segment Palisade Wall x1 |
| 19:03 | 我是你大飞哥 · wall_segment Palisade Wall x1 |
| 19:45 | Slowthinker · wall_segment Palisade Wall x1 |
| 19:57 | VL Mano · first_market_buy 100 food |
| 20:00 | 我是你大飞哥 · age_up castle |
| 20:00 | nalgene · first_building Siege Workshop |
| 20:53 | GorillaBear · wall_segment Palisade Wall x1 |
| 22:30 | Slowthinker · first_market_sell 100 wood |
| 22:35 | GorillaBear · wall_segment Palisade Wall x1 |
| 22:47 | VL Mano · age_up castle |
| 23:06 | 我是你大飞哥 · first_building Siege Workshop |
| 23:16 | Slowthinker · first_market_buy 100 food |
| 23:57 | Kyphosis · first_building Siege Workshop |
| 25:26 | nalgene · tribute_sent a jugador 1 |
| 25:26 | nalgene · tribute_sent a jugador 2 |
| 25:26 | nalgene · tribute_sent a jugador 3 |
| 25:26 | nalgene · tribute_sent a jugador 4 |
| 25:26 | nalgene · tribute_sent a jugador 5 |
| 25:40 | GorillaBear · first_market_buy 100 food |
| 25:48 | GorillaBear · first_building Archery Range |
| 25:55 | VL Mano · first_market_sell 100 wood |
| 26:01 | Slowthinker · age_up castle |
| 26:20 | GorillaBear · wall_segment Stone Wall x9 |
| 26:29 | GorillaBear · wall_segment Stone Wall x12 |
| 26:40 | GorillaBear · wall_segment Stone Wall x10 |
| 26:41 | VL Mano · first_building Castle |
| 26:43 | Slowthinker · first_building Castle |
| 26:56 | GorillaBear · wall_segment Stone Wall x18 |
| 27:14 | nalgene · first_building Castle |
| 27:16 | VL Mano · wall_segment Palisade Wall x1 |
| 27:17 | VL Mano · wall_segment Palisade Wall x1 |
| 27:21 | 我是你大飞哥 · first_building Castle |
| 27:27 | nalgene · first_market_sell 100 wood |
| 28:22 | GorillaBear · age_up castle |
| 28:33 | GorillaBear · first_building Castle |
| 28:38 | Slowthinker · first_building Siege Workshop |
| 28:54 | VL Mano · first_building Siege Workshop |
| 30:01 | GorillaBear · first_building Siege Workshop |
| 30:05 | Kyphosis · first_market_sell 100 wood |
| 30:05 | Kyphosis · first_market_buy 100 stone |
| 30:40 | VL Mano · wall_segment Palisade Wall x4 |
| 30:43 | VL Mano · wall_segment Palisade Wall x1 |
| 30:45 | VL Mano · wall_segment Palisade Wall x2 |
| 32:45 | Kyphosis · first_building Monastery |
| 34:54 | 我是你大飞哥 · first_market_buy 500 food |
| 35:10 | nalgene · first_building Barracks |
| 35:30 | Slowthinker · resign |
[ AI ANALYSIS · 1 CREDIT ]
What really happened in this match?
Wolo.gg analyzes every decision: build order, eco, micro, common mistakes by bracket. Personalized analysis on WhatsApp or Discord in 30 seconds.
Civ guide
Koreans
Perfil
Jugador #20920045